 Dungeon Crawl Stone Soup version 0.29-a0-721-g7f417c9bbb (webtiles) character file.

Game seed: 14149027601204233351

22 avis the Shooter (level 2, 24/24 HPs)
             Began as a Demigod Hunter on June 27, 2022.
             Got out of the dungeon alive.
             The game lasted 00:03:22 (1271 turns).

avis the Shooter (Demigod Hunter)                   Turns: 1271, Time: 00:03:23

Health: 24/24      AC:  3    Str: 12    XL:     2   Next: 51%
Magic:  4/4        EV: 12    Int: 11    God:
Gold:   17         SH:  0    Dex: 17    Spells: 1/1 levels left

rFire   . . .      SeeInvis .   a - +0 shortbow
rCold   . . .      Faith    .   (shield currently unavailable)
rNeg    . . .      Spirit   .   c - +0 leather armour
rPois   .          Reflect  .   (no helmet)
rElec   .          Harm     .   (no cloak)
rCorr   .          Rampage  .   (no gloves)
Will    .....                   (no boots)
Stlth   ++........              (no amulet)
HPRegen 0.08/turn               (no ring)
MPRegen 0.09/turn               (no ring)

@: no status effects
A: high MP 1, forlorn, divine attributes
a: no special abilities


You escaped.
You visited 1 branch of the dungeon, and saw 1 of its levels.

You collected 17 gold pieces.

Inventory:

Hand Weapons
 a - a +0 shortbow (weapon)
 j - a +0 short sword
Missiles
 f - 3 poisoned darts
Armour
 c - a +0 leather armour (worn)
Jewellery
 i - an amulet of magic regeneration
Scrolls
 b - a scroll of immolation
Potions
 d - a potion of heal wounds {unknown}
 e - a potion of haste {unknown}
 g - 3 potions of brilliance {unknown}
 h - a potion of degeneration {unknown}


   Skills:
 + Level 2.2 Fighting
 * Level 4.1 Ranged Weapons
 - Level 1.7 Dodging
 - Level 0.8 Stealth


You had one spell level left.
You didn't know any spells.
Your spell library was empty.

Dungeon Overview and Level Annotations

Branches:
Dungeon (1/15)

Shops:
D:1 (


Innate Abilities, Weirdness & Mutations

You have an increased reservoir of magic. (+10% MP)
You shall have no god before yourself.
Your divine heritage dramatically boosts your attributes as you level up.


Message History

There is an open door here.
There is an open door here.
There is an open door here.
There is an open door here.
You open the door.
Found a gnoll skeleton.
Found a gnoll skeleton.
There is an open door here.
You open the door.
Found a faded altar of an unknown god.
There is an open door here.
There is an open door here.
You open the door.
There is an open door here.
Found a short sword.
You see here a +0 short sword.
There is an open door here.
There is an open door here.
There is a stone staircase leading down here.
There is an open door here.
There is an open door here.
There is an open door here.
There is an open door here.
There is an open door here.
There is an open door here.
Done exploring.
Done exploring.
Search for what [? for help]? .
There is an open door here.
There is an open door here.
There is an open door here.
There is a stone staircase leading down here.
There is an open door here.
There is an open door here.
There is an open door here.
There is an open gate here.
There is an open gate here.
There is a staircase leading out of the dungeon here.
Are you sure you want to leave the Dungeon?
This will make you lose the game!
You have escaped!

######)##### #.# #.##.## #.# #.#
#.##.# ##'## #.# #....# ##...##
######## #..### ##.....##
##....## #..####
##.......###.####.# #..##.#
###..........'####8.#######......
..'.........''#...#.#............
###.........##..@.#.####...8.....
##.......####...#.# #..8.8...#
##.....## ###.#.# #.8...8..#
##...## ##..# #8..∩..8##
#####'#### #### #.8...8.#
#........# #.# #..8.8..#
#.###.##.# #.# #...8...#
#.###.##.# #.# #####.###
#.##...#.#######.# ####.####


There were no monsters in sight!

Vanquished Creatures
  A dart slug (D:1)
  2 bats (D:1)
  A giant cockroach (D:1)
  3 goblins (D:1)
  3 hobgoblins (D:1)
  2 quokkas (D:1)
  3 kobolds (D:1)
  2 rats (D:1)
17 creatures vanquished.

Notes
Turn   | Place    | Note
-------+----------+-------------------------------------------
     0 | D:1      | avis the Demigod Hunter began the quest for the Orb.
     0 | D:1      | Reached XP level 1. HP: 17/17 MP: 3/3
   398 | D:1      | Reached skill level 4 in Ranged Weapons
   398 | D:1      | Reached XP level 2. HP: 24/24 MP: 4/4
   584 | D:1      | Found Boumn's Antique Weapon Boutique.
  1271 | D:$      | Got out of the dungeon alive.

Illustrated notes

Levels and vault maps discovered:
D:1:      saegor_arrival_simple_e, layout_loops_corners,
          dilly_ecumenical_altar_fadedgnrine, serial_shops,
          nicolae_diamond_shop, st_stairs_2

Skill      XL: |  1 |
---------------+----+-----
Fighting       | 2 |  2.2
Ranged Weapons | 4 |  4.1
Dodging        | |  1.7
Stealth        | |  0.8

Action                   || total
-------------------------++-------
 Fire: Shortbow          ||    44
Armor: Leather armour    ||     4
Dodge: Dodged            ||    22

Table legend: (Time is in decaauts)
 A = Elapsed time spent in this place.
 B = Non-inter-level travel time spent in this place.
 C = Inter-level travel time spent in this place.
 D = Time resting spent in this place.
 E = Time spent auto-exploring this place.
 F = Levels seen in this place.
 G = Mean time per level.
                   A        B        C        D        E       F      G
               +--------+--------+--------+--------+--------+-----+--------+
         Total |   1285 |   1177 |    108 |    100 |    953 |   1 | 1285.0 |
       Dungeon |   1285 |   1177 |    108 |    100 |    953 |   1 | 1285.0 |
               +--------+--------+--------+--------+--------+-----+--------+

Top non-repeatable levels by time:
     D:1: 1285 daAuts
